 Dungeon Crawl Stone Soup version 0.26.1-11-gd32895ea62 (webtiles) character file.

Game seed: 5320352679899243744

5222 bigdumb the Basher (level 10, -5/81 HPs)
             Began as a Demigod Fighter on June 18, 2021.
             Slain by a death yak (15 damage)
             ... on level 8 of the Dungeon.
             The game lasted 00:15:29 (9394 turns).

bigdumb the Basher (Demigod Fighter)                Turns: 9394, Time: 00:15:29

Health: -5/81      AC: 13    Str: 31    XL:     10   Next: 13%
Magic:  13/13      EV: 12    Int: 12    God:
Gold:   426        SH:  0    Dex: 15    Spells: 9/9 levels left

rFire    . . .     SeeInvis .   q - +2 flail (venom)
rCold    . . .     Faith    .   c - +0 kite shield
rNeg     . . .     Spirit   .   B - +0 steam dragon scales
rPois    .         Reflect  .   m - +2 helmet
rElec    .         Harm     .   e - +1 cloak
rCorr    .         Rampage  .   j - +0 pair of gloves
Will     +....                  (no boots)
Stlth    ++........             (no amulet)
HPRegen  0.23/turn              b - +6 ring of strength
MPRegen  0.13/turn              z - ring of stealth

@: confused
A: high mp 1
a: no special abilities


You were on level 8 of the Dungeon.
You visited 1 branch of the dungeon, and saw 8 of its levels.

You collected 426 gold pieces.

Inventory:

Hand Weapons
 q - a +2 flail of venom (weapon)
 y - a +0 whip of freezing
Armour
 c - a +0 kite shield (worn)
 e - a +1 cloak (worn)
 h - a +0 buckler
 j - a +0 pair of gloves (worn)
 m - a +2 helmet (worn)
 s - a +1 chain mail
 B - +0 steam dragon scales (worn)
Jewellery
 b - a +6 ring of strength (left hand)
 v - a +6 ring of intelligence
 x - an uncursed ring of ice
 z - a ring of stealth (right hand)
Wands
 o - a wand of acid (9)
 A - a wand of paralysis (2)
Scrolls
 a - 2 scrolls of remove curse
 f - 8 scrolls of identify
 g - 2 scrolls of fog
 i - 5 scrolls of teleportation
 k - a scroll of enchant weapon
 n - 4 scrolls of magic mapping
 u - 3 scrolls of fear
 w - a scroll of enchant armour
Potions
 l - 3 potions of flight
 p - 2 potions of haste
 r - a potion of attraction
 t - a potion of brilliance
 C - a potion of magic {unknown}


   Skills:
 + Level 5.4 Fighting
 + Level 9.1 Maces & Flails
 + Level 6.0 Armour
 + Level 3.0 Dodging
 - Level 0.7 Stealth
 * Level 8.1 Shields


You had 9 spell levels left.
You didn't know any spells.
Your spell library contained the following spells:

 Spells                   Type           Power        Failure   Level
 Beastly Appendage        Tmut           0%           63%         1
 Wereblood                Tmut           0%           77%         2
 Spider Form              Tmut/Pois      0%           94%         3
 Ice Form                 Ice/Tmut       0%           100%        4
 Blade Hands              Tmut           0%           100%        5
 Chain Lightning          Conj/Air       0%           100%        8
 Lehudib's Crystal Spear  Conj/Erth      0%           100%        8
 Absolute Zero            Ice            0%           100%        9
 Fire Storm               Conj/Fire      0%           100%        9


Dungeon Overview and Level Annotations

Branches:
Dungeon (8/15)             Temple (0/1) D:6
   Lair: D:8-11


Innate Abilities, Weirdness & Mutations

You have an increased reservoir of magic. (+10% MP)


Message History

The death yak is heavily wounded.
The death yak gores you but does no damage.
The death yak gores you! x2
* * * LOW HITPOINT WARNING * * *
You are too injured to fight recklessly!
The death yak gores you but does no damage.
The death yak gores you!
* * * LOW HITPOINT WARNING * * *
You are confused.
You feel invigorated. The death yak closely misses you.
You bump into the rock wall.
The death yak gores you.
* * * LOW HITPOINT WARNING * * *
You bump into the rock wall.
The death yak gores you but does no damage.
You bump into the rock wall.
The death yak gores you!
* * * LOW HITPOINT WARNING * * *
You closely miss the death yak. The death yak gores you!!
* * * LOW HITPOINT WARNING * * *
The death yak gores you!
You die...

##....#.. ##### # ###..#..
#...# ##. ########.##..
#...# #.. #...........#
#...# #.# #............
#...# #.# #.......##).#
#...#####.####......####..
#.........YYY.............
#....####@####......###...
#.<...###.# #######.....#
#...#.....# #...##.##
#...####..########.###.. #
##### #..##..)....#...
##....##)..##.#
#.....#...#.>#
#####.#.....###
#<#.......## #


You could see 3 death yaks.

Vanquished Creatures
  A two-headed ogre (D:7)
  A death yak (D:8)
  Maggie (D:8)
  A komodo dragon (D:8)
  Grum (D:8)
  Duvessa (D:6)
  2 ice beasts
  A sky beast (D:8)
  A necrophage (D:8)
  3 ogres
  3 wolves (D:8)
  2 centaurs
  2 bullfrogs
  2 big kobolds
  A gnoll sergeant (D:5)
  Dowan (D:6)
  4 scorpions
  A water moccasin skeleton (D:6)
  6 howler monkeys
  A centaur zombie (D:8)
  A jelly (D:7)
  5 orc priests
  4 hounds
  2 centaur skeletons
  8 orc wizards
  A gnoll shaman (D:7)
  3 iguanas
  6 worker ants
  2 worker ant zombies
  17 adders
  14 gnolls
  A shadow imp (D:7)
  5 white imps
  An ufetubus (D:7)
  An adder skeleton (D:8)
  A worm (D:3)
  6 leopard geckos
  18 orcs
  9 bats
  5 giant cockroaches
  9 goblins
  7 hobgoblins
  8 kobolds
  A quokka (D:3)
  3 ball pythons (D:2)
  2 frilled lizards
  A jackal zombie (D:8)
  A leopard gecko skeleton (D:5)
  6 rats
  A bush (D:3)
185 creatures vanquished.

Vanquished Creatures (others)
  5 plants (D:2)
  3 toadstools (D:2)
8 creatures vanquished.

Grand Total: 193 creatures vanquished

Notes
Turn   | Place    | Note
-------+----------+-------------------------------------------
     0 | D:1      | bigdumb the Demigod Fighter began the quest for the Orb.
     0 | D:1      | Reached XP level 1. HP: 18/18 MP: 3/3
   225 | D:1      | Reached skill level 2 in Maces & Flails
   271 | D:1      | Reached XP level 2. HP: 25/25 MP: 4/4
   311 | D:1      | Found a shimmering altar of Xom.
   857 | D:2      | Reached XP level 3. HP: 23/30 MP: 5/5
  1872 | D:3      | Reached skill level 1 in Dodging
  1891 | D:3      | Found a shadowy altar of Dithmenos.
  1959 | D:3      | Reached XP level 4. HP: 33/37 MP: 6/6
  2636 | D:3      | Found a stormy altar of Qazlal.
  2643 | D:3      | Found an ancient bone altar of Kikubaaqudgha.
  2946 | D:3      | Reached skill level 3 in Maces & Flails
  2946 | D:3      | Reached XP level 5. HP: 7/45 MP: 7/7
  2951 | D:3      | HP: 2/45 [centaur skeleton (3)]
  2978 | D:3      | HP: 1/67 [orc wizard/magic dart (5)]
  3507 | D:3      | Found a faded altar of an unknown god.
  3848 | D:3      | Found a shimmering altar of Xom.
  3943 | D:4      | Reached XP level 6. HP: 49/51 MP: 8/8
  4295 | D:4      | Found a sacrificial altar of Ru.
  4402 | D:5      | Entered Level 5 of the Dungeon
  4420 | D:5      | Reached skill level 4 in Maces & Flails
  4773 | D:5      | Reached XP level 7. HP: 29/58 MP: 9/9
  5325 | D:5      | Reached skill level 5 in Maces & Flails
  5749 | D:5      | Reached XP level 8. HP: 63/66 MP: 10/10
  5857 | D:5      | Found an iron altar of Okawaru.
  5905 | D:5      | Reached skill level 5 in Shields
  5966 | D:5      | Found an iron altar of Okawaru.
  5967 | D:5      | Found a bloodstained altar of Trog.
  6020 | D:6      | Reached skill level 5 in Armour
  6043 | D:6      | Noticed Dowan
  6045 | D:6      | Noticed Duvessa
  6059 | D:6      | Killed Duvessa
  6060 | D:6      | Reached skill level 6 in Maces & Flails
  6066 | D:6      | Killed Dowan
  6670 | D:6      | Reached skill level 7 in Maces & Flails
  6788 | D:6      | Found a staircase to the Ecumenical Temple.
  7055 | D:6      | Found a hazy altar of Hepliaklqana.
  7563 | D:7      | Found an ornate altar of the Wu Jian Council.
  7924 | D:7      | Reached XP level 9. HP: 70/72 MP: 11/11
  8032 | D:7      | Noticed a two-headed ogre
  8053 | D:7      | Killed a two-headed ogre
  8054 | D:7      | Reached skill level 5 in Fighting
  8829 | D:8      | Reached skill level 8 in Maces & Flails
  8971 | D:8      | Noticed a death yak
  8974 | D:8      | Noticed a death yak
  8974 | D:8      | Noticed a komodo dragon
  8982 | D:8      | Noticed a death yak
  9091 | D:8      | Noticed a death yak
  9091 | D:8      | Noticed Maggie
  9108 | D:8      | Killed a death yak
  9121 | D:8      | Killed Maggie
  9272 | D:8      | Noticed Grum
  9281 | D:8      | Reached XP level 10. HP: 61/81 MP: 13/13
  9311 | D:8      | Reached skill level 9 in Maces & Flails
  9314 | D:8      | Killed Grum
  9392 | D:8      | HP: 3/81 [death yak (24)]
  9394 | D:8      | Slain by a death yak

Illustrated notes

Levels and vault maps discovered:
D:1:      dpeg_arrival_lava_altar, layout_basic
D:2:      layout_rooms, minmay_gold_behind_fungi, st_stairs_7,
          minmay_shallow_snake_nest
D:3:      layout_basic, nicolae_overflow_quartered_altars,
          chequers_ecumenical_altar_twisty, minmay_hedge_maze
D:4:      minmay_wonky_spiral, layout_cave_pools, nicolae_overflow_crystal_walls
D:5:      layout_gridville, grunt_temple_overflow_bloody_war, okawaru_trees_2
D:6:      layout_loops_cross, nzn_hepliaklqana_mist_gate,
          minmay_temple_entry_trees, minmay_holes, uniq_duvessa
D:7:      layout_basic, overflow_temple_1_default, minmay_misc_feat_square,
          kennysheep_nondescript, st_stairs_6, grunt_ministairs_15
D:8:      layout_rooms, dpeg_lair_monsters, uniq_maggie, uniq_grum

Skill      XL: |  1  2  3  4  5  6  7  8  9 10 |
---------------+-------------------------------+-----
Maces & Flails | 2 3 4 5 7 8 9 |  9.1
Shields        | 3 4 6 7 8 |  8.1
Armour         | 3 4 5 6 |  6.0
Dodging        | 1 2 3 |  3.0
Fighting       | 3 4 5 |  5.4
Stealth        | |  0.7

Action                   |  1- 3 |  4- 6 |  7- 9 | 10-12 || total
-------------------------+-------+-------+-------+-------++-------
Melee: Flail             |   142 |   224 |   412 |    28 ||   806
  Use: Potion            |       |     5 |     7 |     1 ||    13
       Scroll            |       |     9 |     2 |       ||    11
Armor: Scale mail        |    84 |       |       |       ||    84
       Chain mail        |     8 |    88 |   174 |       ||   270
       Skin              |       |     4 |    22 |       ||    26
       Steam dragon scal |       |       |     3 |     6 ||     9
Dodge: Dodged            |   118 |    50 |   124 |    19 ||   311
Block: Buckler           |    53 |    34 |    52 |       ||   139
       Kite shield       |     2 |       |   151 |    22 ||   175
